 Dungeon Crawl Stone Soup version 0.30.0-3-ga4e48a9924 (webtiles) character file.

Game seed: 22482158565114389

2166 Kaboulah the Covert (level 9, -1/52 HPs)
             Began as a Kobold Enchanter on May 7, 2023.
             Was an Initiate of Ashenzari.
             Slain by a seven-headed hydra (12 damage)
             ... summoned by the darkness of Dithmenos
             ... on level 6 of the Dungeon.
             The game lasted 01:07:34 (7345 turns).

Kaboulah the Covert (Kobold Enchanter)              Turns: 7345, Time: 01:07:34

Health: -1/52      AC:  4    Str:  5    XL:     9   Next: 57%
Magic:  6/14       EV: 20    Int: 16    God:    Ashenzari [......]
Gold:   225        SH:  0    Dex: 26    Spells: 7/15 levels left

rFire   . . .        e - +2 dagger (distort)
rCold   . . .        g - orb {guile}
rNeg    . . .        b - +1 robe
rPois   .            (no helmet)
rElec   .            (no cloak)
rCorr   .            (no gloves)
SInv    .            s - +0 pair of boots
Will    .....        (no amulet)
Stlth   ++++++       u - +6 ring of dexterity
HPRegen 0.28/turn    (no ring)
MPRegen 0.14/turn

%: no passive effects
@: about to teleport
A: small, no large weapons, nightstalker 3
a: Renounce Religion, Curse Item


You were on level 6 of the Dungeon.
You worshipped Ashenzari.
Ashenzari was noncommittal.
You visited 2 branches of the dungeon, and saw 7 of its levels.
You also visited: Sewer.

You collected 465 gold pieces.
You spent 240 gold pieces at shops.

Inventory:

Hand Weapons
 e - a +2 dagger of distortion (weapon)
 A - a +4 dagger of venom
Missiles
 q - 15 boomerangs
Armour
 b - a +1 robe (worn)
 g - an orb of guile (worn)
 s - a +0 pair of boots (worn)
Magical Staves
 h - a staff of fire
 k - a staff of air
Jewellery
 u - a +6 ring of dexterity (left hand)
Wands
 a - a wand of flame (12)
Scrolls
 l - 4 scrolls of magic mapping {unknown}
 r - a scroll of identify {unknown}
 v - a scroll of teleportation
 w - a scroll of fear
 x - 2 scrolls of amnesia
 y - a scroll of silence {unknown}
 z - 2 scrolls of immolation {unknown}
 C - a scroll of brand weapon {unknown}
Potions
 c - a potion of invisibility
 d - 2 potions of might {unknown}
 f - a potion of brilliance {unknown}
 i - 2 potions of ambrosia {unknown}
 j - 3 potions of degeneration {unknown}
 m - a potion of lignification {unknown}
 n - a potion of heal wounds {unknown}
 o - a potion of curing {unknown}
 p - 2 potions of haste {unknown}
 t - a potion of mutation {unknown}
 B - a potion of attraction {unknown}


   Skills:
 * Level 4.4 Fighting
 * Level 5.3 Short Blades
 * Level 5.8 Dodging
 + Level 10.0 Stealth
 + Level 3.9 Spellcasting
 * Level 5.8 Hexes
 + Level 3.2 Ice Magic


You had 7 spell levels left.
You knew the following spells:

 Your Spells              Type           Power      Damage    Failure   Level
a - Ensorcelled Hibernat  Hex/Ice        34%        N/A       4%          2
b - Tukima's Dance        Hex            21%        N/A       4%          3
c - Confusing Touch       Hex            21%        N/A       4%          3

Your spell library contained the following spells:

 Spells                   Type           Power      Damage    Failure   Level
 Dazzling Flash           Conj/Hex       24%        N/A       16%         3
 Magic Dart               Conj           12%        1d3       17%         1
 Call Imp                 Summ           6%         N/A       26%         2
 Mephitic Cloud           Conj/Pois/Air  3%         N/A       45%         3


Dungeon Overview and Level Annotations

Branches:
Dungeon (6/15)             Temple (1/1) D:5           Sewer (visited)

Altars:
Ashenzari
Cheibriados
Dithmenos
Gozag
Kikubaaqudgha
Vehumet
Zin

Shops:
D:5 (   D:6 (


Innate Abilities, Weirdness & Mutations

You are small and have problems with some larger weapons.
You are completely attuned to the shadows.


Message History

The bolt of electricity hits you!
Aiming: Ensorcelled Hibernation (safe; 4% risk of failure)
Press: ? - help, Q - select action, (/) - cycle Shift-Dir - straight line, f/p - electric eel
Aim: an electric eel (water, chance to affect: 67%)
The electric eel resists with significant effort.
The electric eel shoots out a bolt of lightning at you!
The bolt of electricity misses you.
Aiming: Ensorcelled Hibernation (safe; 4% risk of failure)
Press: ? - help, Q - select action, (/) - cycle Shift-Dir - straight line, f/p - electric eel
Aim: an electric eel (water, chance to affect: 67%)
The electric eel resists with significant effort.
The electric eel shoots out a bolt of lightning at you!
The bolt of electricity misses you.
Aiming: Ensorcelled Hibernation (safe; 4% risk of failure)
Press: ? - help, Q - select action, (/) - cycle Shift-Dir - straight line, f/p - electric eel
Aim: an electric eel (water, chance to affect: 67%)
The electric eel looks drowsy...
The helpless electric eel fails to defend itself.
You stick the electric eel like a pincushion!!!!
You kill the electric eel!
You hear a splash.
i - 2 fizzy clear potions (gained 1)
You enter the shallow water.
Moving in this stuff is going to be slow. ...and don't expect to remain undetected.
You see here an electric eel corpse.
C - a scroll labelled KIAVOS LUIFEXU
l - 4 scrolls labelled YWORGH SARYO (gained 1)
You now have 225 gold pieces (gained 15).
You flicker for a moment.
You flicker back into view.
Dithmenos weaves monsters from the shadows.
Okay, then.
As you read the scroll of teleportation, it crumbles to dust.
You feel strangely unstable.
The seven-headed hydra attacks as you move away!
The seven-headed hydra bites you! x2
* * * LOW HITPOINT WARNING * * *
The seven-headed hydra bites you!
You die...

....# ##~~...### ##..#..#
#..####.####.~~##### ###..#..##
#..###.##..'##~~~..###...##.##
#....#.#.....#####..##.####.#
#....#)#.....##..'###..# #.#
#....#.#PP.PP#.....#..## #.#
#....#~#~.P..#.....#.## #.#
'..###~#....~#~~..P#[# #.##
#..###~#≈≈[≈≈#.~@~c#.######..#
#....#~##≈≈≈##.†D..#.##...##.#
#....##.######≈≈h≈≈#.##._.##.#
......##....~##≈≈≈##.##...##.#
.......######~#####..##'''##.##
#.).........##~...'...#...##..#
#............######.#.'.≈.'...#
.......##.....#######.'.≈.'...#
........###.#.......#.'.≈.'..##


You could see a seven-headed hydra (summoned), a centaur warrior (summoned) and
a howler monkey (summoned).

Vanquished Creatures
  A komodo dragon (D:6)
  2 water moccasins (D:6)
  Pargi (Sewer)
  An orc warrior (D:5)
  A black bear (D:5)
  A phantom (D:5)
  2 ogres
  A bullfrog (D:4)
  A gnoll sergeant (D:6)
  2 howler monkeys (D:6)
  8 electric eels
  2 jellies (D:5)
  3 hounds
  2 orc priests
  A sleepcap (D:5)
  4 orc wizards
  A mummy (D:6)
  9 gnolls
  10 adders
  2 worms
  4 dart slugs
  19 orcs
  8 ball pythons
  3 endoplasms
  4 giant cockroaches
  8 goblins
  3 hobgoblins (D:2)
  4 jackals (D:2)
  8 kobolds
  6 quokkas
  4 bats
  6 frilled lizards
  6 rats
138 creatures vanquished.

Vanquished Creatures (collateral kills)
  An orc (D:6)
1 creature vanquished.

Vanquished Creatures (others)
  3 dancing weapons
  A plant (D:6)
4 creatures vanquished.

Grand Total: 143 creatures vanquished

Notes
Turn   | Place    | Note
-------+----------+-------------------------------------------
     0 | D:1      | Kaboulah the Kobold Enchanter began the quest for the Orb.
     0 | D:1      | Reached XP level 1. HP: 10/10 MP: 3/3
   406 | D:1      | Reached XP level 2. HP: 13/16 MP: 5/5
  1110 | D:2      | Learned a level 2 spell: Ensorcelled Hibernation
  1130 | D:2      | Reached skill level 1 in Ice Magic
  1130 | D:2      | Reached XP level 3. HP: 10/20 MP: 3/6
  1383 | D:2      | Reached XP level 4. HP: 24/24 MP: 4/7
  1385 | D:2      | Reached skill level 5 in Stealth
  1468 | D:2      | Reached skill level 1 in Fighting
  1786 | D:2      | Reached XP level 5. HP: 29/29 MP: 8/8
  2692 | D:3      | Found a glowing drain.
  2717 | Sewer    | Entered a sewer
  2750 | Sewer    | Reached skill level 6 in Stealth
  2816 | Sewer    | Noticed Pargi
  2818 | Sewer    | Killed Pargi
  2819 | Sewer    | Reached XP level 6. HP: 35/35 MP: 9/9
  3445 | D:4      | You fall into a shaft and drop 1 floor!
  3445 | D:5      | Entered Level 5 of the Dungeon
  3475 | D:5      | Found Wauph's Weapon Shop.
  3502 | D:5      | Reached skill level 7 in Stealth
  3502 | D:5      | Reached XP level 7. HP: 39/39 MP: 10/10
  3558 | D:5      | Found a staircase to the Ecumenical Temple.
  3566 | Temple   | Entered the Ecumenical Temple
  3587 | Temple   | Became a worshipper of Dithmenos the Shadowed
  3643 | D:5      | Learned a level 3 spell: Tukima's Dance
  3647 | D:5      | Learned a level 3 spell: Confusing Touch
  3742 | D:5      | Found an ancient bone altar of Kikubaaqudgha.
  4050 | D:4      | Found a transporter.
  4192 | D:4      | Reached skill level 8 in Stealth
  4255 | D:4      | Reached XP level 8. HP: 37/45 MP: 6/11
  4451 | D:4      | Found a transporter.
  4560 | D:4      | Found a broken altar of Ashenzari.
  4565 | D:4      | Fell from the grace of Dithmenos
  4565 | D:4      | Became a worshipper of Ashenzari the Shackled
  6009 | D:5      | Reached skill level 9 in Stealth
  6206 | D:6      | Reached skill level 5 in Hexes
  6375 | D:6      | Reached skill level 5 in Dodging
  6375 | D:6      | Reached XP level 9. HP: 49/52 MP: 2/14
  6741 | D:6      | Noticed a komodo dragon
  6744 | D:6      | Killed a komodo dragon
  6745 | D:6      | Reached skill level 5 in Short Blades
  6864 | D:6      | Found an opulent altar of Gozag.
  6880 | D:6      | Found a radiant altar of Vehumet.
  6996 | D:6      | Found Fazxia's Antique Weapon Boutique.
  7016 | D:6      | Bought a glowing dagger for 120 gold pieces
  7016 | D:6      | Bought a glowing dagger for 120 gold pieces
  7308 | D:6      | Reached skill level 10 in Stealth
  7344 | D:6      | Noticed a seven-headed hydra
  7344 | D:6      | Noticed a centaur warrior
  7345 | D:6      | Slain by a seven-headed hydra

Illustrated notes

Levels and vault maps discovered:
D:1:      dpeg_arrival_arbitrary_b, layout_loops_corners
D:2:      minmay_spotlight, layout_basic
D:3:      layout_loops_ring, gup_sewer_entry_glass, skrybe_limestone_x
D:4:      gammafunk_steamed_eel, layout_loops_ring, kennysheep_mini
D:5:      layout_basic, lemuel_doored_altar, minmay_temple_entry_junction,
          serial_shops, nicolae_shop_temple_entry_statues_fountains
D:6:      cheibrodos_two_vegetables, layout_gridville,
          mainiacjoe_overflow_big_doors, gup_ossuary_entry_pyramid,
          serial_shops, shop_coins
Temple:   bh_familiar_temple

Skill      XL: |  1  2  3  4  5  6  7  8  9 |
---------------+----------------------------+-----
Ice Magic      | 1 2 3 |  3.2
Short Blades   | 2 3 4 5 |  5.3
Stealth        | 5 6 7 8 9 10 | 10.0
Fighting       | 1 2 3 4 |  4.4
Dodging        | 3 4 5 |  5.8
Hexes          | 4 5 |  5.8
Spellcasting   | 3 |  3.9

Action                     |  1- 3 |  4- 6 |  7- 9 || total
---------------------------+-------+-------+-------++-------
  Melee: Dagger            |    74 |   109 |    71 ||   254
   Cast: Ensorcelled Hiber |     3 |    11 |    61 ||    75
         Tukima's Dance    |       |       |     9 ||     9
         Confusing Touch   |       |       |     2 ||     2
    Use: Scroll            |       |     7 |     1 ||     8
         Potion            |       |       |     1 ||     1
   Stab: Sleeping          |    14 |    33 |    52 ||    99
         Confused          |       |       |     1 ||     1
 Armour: Robe              |     9 |    11 |     8 ||    28
  Dodge: Dodged            |    40 |    51 |    71 ||   162
